 Dungeon Crawl Stone Soup version 0.21-a0-582-g1b93aee (webtiles) character file.

65 sithsevirus the Ducker (level 3, 0/27 HPs)
             Began as a Vampire Gladiator on Dec 19, 2017.
             Killed from afar by an orc wizard (4 damage)
             ... with a magic dart
             ... on level 3 of the Dungeon.
             The game lasted 00:06:42 (1813 turns).

sithsevirus the Ducker (Vampire Gladiator)          Turns: 1813, Time: 00:06:43

Health: 0/27       AC:  6    Str: 14    XL:     3   Next: 94%
Magic:  3/3        EV: 10    Int: 10    God:
Gold:   78         SH:  7    Dex: 15    Spells: 2/2 levels left

rFire    . . .     SeeInvis +   k - +1 hand axe (vamp)
rCold    + . .     Gourm    .   j - +0 shield
rNeg     + + .     Faith    .   b - +0 leather armour
rPois    +         Spirit   .   c - +0 helmet
rElec    .         Reflect  .   (no cloak)
rCorr    .         Harm     .   (no gloves)
MR       .....                  s - +1 pair of boots
Stlth    ++........             (no amulet)
HPRegen  0.04/turn              (no ring)
MPRegen  0.08/turn              (no ring)

@: regenerating slowly
A: fangs 3, see invisible, unbreathing
a: Bat Form


You were on level 3 of the Dungeon.
You were near bloodless.

You visited 1 branch of the dungeon, and saw 3 of its levels.

You collected 78 gold pieces.

Inventory:

Hand Weapons
 a - a +0 long sword
 k - a +1 vampiric hand axe (weapon)
 m - a +0 dagger of freezing
Missiles
 d - 3 throwing nets (quivered)
 i - 60 stones
Armour
 b - a +0 leather armour (worn)
 c - a +0 helmet (worn)
 j - a +0 shield (worn)
 s - a +1 pair of boots (worn)
Jewellery
 p - a +3 ring of dexterity {unknown}
 t - an uncursed ring of magical power {unknown}
Scrolls
 f - a scroll of identify {unknown}
 l - a scroll of enchant armour {unknown}
 n - 2 scrolls of teleportation {unknown}
 o - 2 scrolls of remove curse {unknown}
Potions
 e - 10 potions of blood
 g - a potion of heal wounds {unknown}
 h - a potion of degeneration {unknown}
 q - 2 potions of brilliance {unknown}
 r - 2 potions of haste {unknown}


   Skills:
 + Level 2.3 Fighting
 - Level 3.3 Long Blades
 * Level 1.4 Axes
 + Level 2.1 Throwing
 + Level 3.7 Dodging


You had 2 spell levels left.
You didn't know any spells.

Dungeon Overview and Level Annotations

Branches:
Dungeon (3/15)

Altars:
Elyvilon


Innate Abilities, Weirdness & Mutations

You heal slowly.
You have razor-sharp teeth.
You have supernaturally acute eyesight. (SInv)
You can survive without breathing.


Message History

You barely miss the orc wizard.
The orc wizard is almost dead.
You hit the orc but do no damage.
The orc wizard gestures wildly while chanting.
The orc wizard blinks!
The orc hits you with a hand axe.
The orc priest calls down the wrath of Beogh upon you.
Beogh smites you!
* * * LOW HITPOINT WARNING * * *
The orc barely misses you.
The orc priest hits you but does no damage.
Things that are here:
a hand axe; a ring mail; an orc corpse You hit the orc priest but do no damage.
Your shield prevents you from hitting the orc.
The orc hits you but does no damage.
The orc priest calls upon Beogh to heal the orc.
The orc's wounds heal themselves!
The orc wizard gestures at you while chanting.
The magic dart hits you!
You die...

#. #. # #. #.#. #.#. ..o
.. #o## >.. #o@# #.#
##.# ######.# #.#
#......# #o# #..###.#
##.#####
#...##.########......#..
.....................'..
#......#######....##.#..
#...##.# #...## #


You could see an orc priest, an orc wizard and 2 orcs.

Vanquished Creatures
  2 adders (D:2)
  A worm (D:2)
  3 dart slugs (D:1)
  An orc (D:3)
  9 bats
  7 giant cockroaches
  4 goblins
  2 hobgoblins
  A kobold (D:3)
  A quokka (D:2)
  A ball python (D:1)
  3 frilled lizards
  2 rats
37 creatures vanquished.

Notes
Turn   | Place    | Note
-------+----------+-------------------------------------------
     0 | D:1      | sithsevirus the Vampire Gladiator began the quest for the Orb.
     0 | D:1      | Reached XP level 1. HP: 16/16 MP: 1/1
   155 | D:1      | Reached XP level 2. HP: 22/22 MP: 2/2
   899 | D:2      | Reached XP level 3. HP: 27/27 MP: 3/3
   951 | D:2      | Reached skill level 1 in Axes
  1348 | D:2      | Found a white marble altar of Elyvilon.
  1813 | D:3      | Killed from afar by an orc wizard

Vault maps used:
D:1:      tarquinn_simple_flora_water_c
D:2:      elyvilon_altar_3, first_ration
D:3:      lemuel_crystal_altar, hex_medium, uniq_sigmund

Skill      XL: |  1  2  3 |
---------------+----------+-----
Fighting       | 2 |  2.3
Axes           | 1 |  1.4
Throwing       | 2 |  2.1
Long Blades    | |  3.3
Dodging        | |  3.7

Action                   || total
-------------------------++-------
Melee: Long sword        ||    22
       Bite              ||    12
       Hand axe          ||   100
 Stab: Sleeping          ||     1
Armor: Leather armour    ||    52
Dodge: Dodged            ||    73
Block: Shield            ||    51
       Rpst.: Long sword ||     4

Table legend:
 A = Spawn XP
 B = Non-spawn XP
 C = Spawn XP percentage of total XP
 D = Spawn monster count
 E = Non-spawn monster count
 F = Spawn count percentage of total count
 G = Total turns spent on level
                    A         B        C        D         E        F      G
               +---------+---------+-------+---------+---------+-------+---------
         Total |       0 |      94 |   0.0 |       0 |      37 |   0.0 |  1813
               +---------+---------+-------+---------+---------+-------+---------
           D:1 |       0 |      39 |   0.0 |       0 |      20 |   0.0 |   868
           D:2 |       0 |      49 |   0.0 |       0 |      14 |   0.0 |   873
           D:3 |       0 |       6 |   0.0 |       0 |       3 |   0.0 |    72
               +---------+---------+-------+---------+---------+-------+---------
